 Dungeon Crawl Stone Soup version 0.30-a0-719-gcc4359ea44 (webtiles) character file.

Game seed: 14950179178762604589

95466 Absynth the Devastator (level 16, -6/97 HPs)
             Began as a Tengu Air Elementalist on Jan 26, 2023.
             Was a High Priest of Vehumet.
             Mangled by a +0 scimitar of distortion (12 damage)
             ... on level 14 of the Dungeon on Jan 27, 2023.
             The game lasted 02:05:09 (26224 turns).

Absynth the Devastator (Tengu Air Elementalist)    Turns: 26224, Time: 02:05:10

Health: -6/97      AC: 17    Str:  9    XL:     16   Next: 14%
Magic:  18/32      EV: 16    Int: 25    God:    Vehumet [*****.]
Gold:   846        SH: 10    Dex: 17    Spells: 5/38 levels left

rFire   . . .      SeeInvis .    a - +1 spear (venom)
rCold   . . .      Faith    .    u - +0 kite shield {AC+3}
rNeg    + + .      Spirit   .    v - +3 ring mail "Lockouw" {rElec rN+ Slay+3}
rPois   .          Reflect  .    L - +1 hat {Stlth+}
rElec   +          Harm     .    P - +2 cloak of Zokhliplo {rN+}
rCorr   .          Rampage  .    c - +0 pair of gloves of the Dungeon {Int+4}
Will    +....                    (boots unavailable)
Stlth   ++                       k - amulet of magic regeneration
HPRegen 0.36/turn                p - ring of wizardry
MPRegen 0.63/turn                I - +5 ring of evasion

@: flying quickly and evasively, quick
A: beak, talons 3, nimble flight
a: Renounce Religion


You were on level 14 of the Dungeon.
You worshipped Vehumet.
Vehumet was extremely pleased with you.
You visited 4 branches of the dungeon, and saw 22 of its levels.
You also visited: Sewer and Bailey.

You collected 1998 gold pieces.
You spent 1152 gold pieces at shops.

Inventory:

Hand Weapons
 a - a +1 spear of venom (weapon)
 b - the +4 rapier of Departure {protect, Will++ Int+2}
   (You found it on level 4 of the Lair of Beasts)

   Int:       It affects your intelligence (+2).
   Will:      It greatly increases your willpower.
Armour
 c - the +0 pair of gloves of the Dungeon (worn) {Int+4}
   (You acquired it on level 7 of the Dungeon)

   Int:       It affects your intelligence (+4).
 u - a +0 kite shield of protection (worn)
 v - the +3 ring mail "Lockouw" (worn) {rElec rN+ Slay+3}
   (You found it on level 4 of the Dungeon)

   Slay:      It affects your accuracy & damage with ranged weapons and melee
   (+3).
   rElec:     It insulates you from electricity.
   rN:        It protects you from negative energy.
 C - the +5 ring mail of the Miller {Harm rCorr}
   (You bought it in a shop on level 2 of the Orcish Mines)

   rCorr:     It protects you from acid and corrosion.
   Harm:      It increases damage dealt and taken.
 L - a +1 hat of stealth (worn)
 P - the +2 cloak of Zokhliplo (worn) {rN+}
   (You bought it in a shop on level 12 of the Dungeon)

   rN:        It protects you from negative energy.
Magical Staves
 M - a staff of cold
 O - a staff of air
Jewellery
 d - a ring of resist corrosion
 k - an amulet of magic regeneration (around neck)
 l - an amulet of reflection
 m - an amulet of regeneration
 p - a ring of wizardry (left hand)
 t - a ring of protection from cold
 y - a ring of ice
 B - a ring of ice
 I - a +5 ring of evasion (right hand)
 J - a ring of positive energy
Wands
 j - a wand of paralysis (29)
 w - a wand of acid (17)
 x - a wand of mindburst (34)
 E - a wand of roots (8)
 F - a wand of flame (58)
Scrolls
 e - 2 scrolls of identify
 n - a scroll of blinking
 r - a scroll of fear
 A - 4 scrolls of magic mapping
 D - 7 scrolls of teleportation
 K - a scroll of enchant weapon
 N - 2 scrolls of enchant armour
 Q - a scroll of fog
Potions
 f - 5 potions of heal wounds
 g - 3 potions of might
 h - 3 potions of ambrosia
 i - 6 potions of curing
 o - 2 potions of invisibility
 q - a potion of cancellation
 s - a potion of haste
 z - 4 potions of brilliance
 G - 4 potions of mutation


   Skills:
 - Level 10.0 Fighting
 - Level 5.0 Armour
 - Level 2.1 Dodging
 - Level 2.0 Stealth
 - Level 6.2 Shields
 + Level 11.7 Spellcasting
 + Level 17.1 Conjurations
 - Level 10.0 Fire Magic
 - Level 10.0 Ice Magic
 - Level 16.0 Air Magic


You had 5 spell levels left.
You knew the following spells:

 Your Spells              Type           Power      Damage    Failure   Level
a - Airstrike             Air            38%        2d(6-22)  1%          4
b - Iskenderun's Battles  Conj           79%        2d13      1%          5
c - Mephitic Cloud        Conj/Pois/Air  63%        N/A       1%          3
d - Starburst             Conj/Fire      35%        6d10      1%          6
h - Hailstorm             Conj/Ice       70%        3d15      1%          3
q - Conjure Ball Lightni  Conj/Air       39%        3x3d13    1%          6
s - Static Discharge      Conj/Air       100%       2-7/arc   1%          2
z - Shock                 Conj/Air       100%       1d9       1%          1
S - Swiftness             Air            76%        N/A       1%          3

Your spell library contained the following spells:

 Spells                   Type           Power      Damage    Failure   Level
 Arcjolt                  Conj/Air       39%        1d49      1%          5
 Kiss of Death            Conj/Necr      100%       2d13      1%          1
 Magic Dart               Conj           100%       1d8       1%          1
 Searing Ray              Conj           100%       2d8       1%          2
 Ozocubu's Armour         Ice            59%        N/A       1%          3
 Fulminant Prism          Conj/Hex       27%        3d14      1%          4
 Sticky Flame             Conj/Fire      70%        2d8       1%          4
 Ignite Poison            Fire/Tmut/Pois 31%        N/A       2%          3
 Irradiate                Conj/Tmut      27%        3d20      2%          5
 Slow                     Hex            56%        N/A       12%         1
 Silence                  Hex/Air        26%        N/A       12%         5
 Ice Form                 Ice/Tmut       39%        N/A       14%         4
 Call Imp                 Summ           14%        N/A       16%         2
 Confusing Touch          Hex            14%        N/A       32%         3
 Vampiric Draining        Necr           14%        2d7       32%         3
 Manifold Assault         Tloc           14%        N/A       69%         4
 Passage of Golubria      Tloc           14%        N/A       69%         4
 Alistair's Intoxication  Tmut/Pois      9%         N/A       95%         5
 Borgnjor's Vile Clutch   Necr/Erth      7%         N/A       95%         5
 Ozocubu's Refrigeration  Ice            29%        4d14      34%         7
 Simulacrum               Ice/Necr       19%        N/A       89%         6
 Ignition                 Fire           29%        3d9       91%         8
 Eringya's Noxious Bog    Tmut/Pois      7%         N/A       96%         6
 Lehudib's Crystal Spear  Conj/Erth      27%        10d7      98%         8
 Dispersal                Tloc           7%         N/A       100%        6
 Disjunction              Tloc           7%         N/A       100%        8


Dungeon Overview and Level Annotations

Branches:
Dungeon (14/15)            Temple (1/1) D:5            Lair (5/5) D:9
  Swamp (0/4) Lair:3        Snake (0/4) Lair:2        Slime (0/5) Lair:5
    Orc (2/2) D:9             Elf (0/3) Orc:2        Vaults (0/5) D:13
  Sewer (visited)          Bailey (visited)

Altars:
Ashenzari
Cheibriados
Dithmenos
Elyvilon
Fedhas
Gozag
Hepliaklqana
Kikubaaqudgha
Makhleb
Nemelex Xobeh
Okawaru
Qazlal
Ru
Sif Muna
Trog
Uskayaw
Vehumet
Wu Jian
Xom
Yredelemnul
Zin
The Shining One

Shops:
D:5 **   D:9 *   D:12 [   Orc:2 ![(*=

Portals:
Hell: Lair:5

Annotations:
D:1 2 transporters
Lair:5 1 runed translucent door


Innate Abilities, Weirdness & Mutations

You have a beak for a mouth.
You have claws for feet.
Your magical nature lets you fly swiftly and evasively.


Message History

Your ball lightning explodes!
The blast of lightning engulfs your ball lightning.
Your ball lightning completely resists.
The blast of lightning engulfs the ettin.
The ettin is heavily wounded.
The blast of lightning engulfs the +0 scimitar of distortion.
The +0 scimitar of distortion completely resists.
Your ball lightning explodes!
The blast of lightning engulfs your ball lightning.
Your ball lightning completely resists.
The blast of lightning engulfs the ettin!!
The ettin is severely wounded.
The blast of lightning engulfs the +0 scimitar of distortion.
The +0 scimitar of distortion completely resists.
Your ball lightning explodes!
The blast of lightning engulfs the +0 scimitar of distortion.
The +0 scimitar of distortion completely resists.
The blast of lightning engulfs the ettin!!
You kill the ettin!
Vehumet accepts your kill.
You feel your power returning.
Casting: Conjure Ball Lightning (dangerous; 1% risk of failure)
Confirm with . or Enter, or press ? or * to list all spells.
Aiming: Airstrike (safe; 1% risk of failure)
Press: ? - help, Dir - move target, f - +0 scimitar of distortion
Aim: a +0 scimitar of distortion (empty space bonus: 7/8)
The air twists around and strikes the +0 scimitar of distortion!
The +0 scimitar of distortion is heavily damaged.
Casting: Airstrike (safe; 1% risk of failure)
Confirm with . or Enter, or press ? or * to list all spells.
Aiming: Airstrike (safe; 1% risk of failure)
Press: ? - help, Dir - move target, f/p - +0 scimitar of distortion
Aim: a +0 scimitar of distortion (moderately damaged, empty space bonus: 7/8)
The air twists around and strikes the +0 scimitar of distortion!
The +0 scimitar of distortion is almost destroyed.
A manticore comes into view.
The +0 scimitar of distortion hits you!
* * * LOW HITPOINT WARNING * * *
Space warps horribly around you!
You die...

.# #...)# .# #..).#
.# #†...# .# #....#
.# #....# .# #....#
.# #....# .# #....#
.# #.@..# )# #.(..#
.# #....## .#
#...[.# .# #.....##
. .# #......### #..
.#
#........######....
.#
##......H.)........
.#
#.................


You could see a manticore (wandering) and a +0 scimitar of distortion.

Vanquished Creatures
  Gastronok (Lair:1)
  2 orc warlords
  A stone giant (D:14)
  A dire elephant (Lair:4)
  An ettin (D:14)
  6 vault guards (D:13)
  Fannar (D:12)
  5 centaur warriors
  A ghost crab (Lair:3)
  5 hydras
  4 death yaks
  7 boulder beetles
  6 two-headed ogres
  A death knight (D:14)
  A catoblepas (D:14)
  A tengu warrior (D:13)
  A deep troll earth mage (D:13)
  Urug (Lair:5)
  Nergalle (Lair:3)
  Sonja (Lair:1)
  A sixfirhy (Lair:5)
  A deep elf archer (D:14)
  3 wizards
  2 deep elf pyromancers (D:14)
  A lindwurm (Lair:3)
  A mana viper (shapeshifter) (D:14)
  2 orc knights
  5 cyclopes
  4 manticores
  A salamander (Lair:2)
  A shining eye (shapeshifter) (D:14)
  7 ugly things
  An orc sorcerer (Orc:2)
  21 elephants
  3 black mambas
  4 orange demons (Lair:5)
  7 cane toads
  3 gargoyles
  A kobold demonologist (D:12)
  3 unseen horrors
  4 rime drakes
  9 komodo dragons
  3 yaktaurs
  A tengu conjurer (D:13)
  A red devil (Lair:5)
  An efreet (D:14)
  5 polar bears
  10 trolls
  A hellwing (Lair:5)
  3 meliai (D:14)
  A hornet (D:8)
  18 blink frogs
  7 dream sheep (Lair:5)
  A spectral black mamba (Lair:3)
  6 slime creatures
  2 shadows
  A culicivora (shapeshifter) (D:14)
  6 wyverns
  2 vampires (D:14)
  2 wraiths
  6 basilisks
  60 yaks
  5 humans (D:13)
  3 vampire mosquitoes
  2 steam dragons
  4 wargs
  Menkaure (D:5)
  2 spectral cane toads (Lair:3)
  Duvessa (D:7)
  19 water moccasins
  3 acid dragons
  4 hell hounds (Lair:5)
  An ice beast (D:5)
  A spectral torpor snail (Lair:3)
  41 orc warriors
  4 ogres
  A black bear (Lair:3)
  3 wolves (Lair:4)
  5 centaurs
  2 phantoms
  A spectral basilisk (Lair:3)
  3 kobold brigands
  3 necrophages
  18 bullfrogs
  5 scorpions
  4 wights (D:7)
  Dowan (D:7)
  3 killer bees (D:9)
  An electric eel (Lair:5)
  3 howler monkeys
  A lava snake (Lair:2)
  24 orc priests
  4 hounds
  A jelly (D:8)
  Crazy Yiuf (D:5)
  A gnoll bouda (D:7)
  Jessica (D:2)
  Terence (D:1)
  2 iguanas
  37 orc wizards
  10 adders
  3 gnolls
  2 river rats
  A shadow imp (D:8)
  A white imp (D:6)
  2 ufetubi
  3 worms
  4 dart slugs
  141 orcs
  10 endoplasms
  6 giant cockroaches
  8 goblins
  9 hobgoblins
  9 jackals
  2 quokkas
  8 ball pythons
  4 bats
  3 frilled lizards (D:1)
  19 kobolds
  11 rats
743 creatures vanquished.

Vanquished Creatures (collateral kills)
  9 ball lightnings
9 creatures vanquished.

Vanquished Creatures (others)
  A human (D:13)
  A lava snake (Lair:2)
  153 ball lightnings
  25 fungi
  58 plants
238 creatures vanquished.

Grand Total: 990 creatures vanquished

Notes
Turn   | Place    | Note
-------+----------+-------------------------------------------
     0 | D:1      | Absynth the Tengu Air Elementalist began the quest for the
                  | Orb.
     0 | D:1      | Reached XP level 1. HP: 10/10 MP: 4/4
   128 | D:1      | Reached skill level 2 in Conjurations
   128 | D:1      | Reached XP level 2. HP: 14/15 MP: 0/6
   251 | D:1      | Learned a level 2 spell: Static Discharge
   704 | D:1      | Reached XP level 3. HP: 19/19 MP: 3/7
   755 | D:1      | Learned a level 3 spell: Swiftness
   979 | D:1      | Reached skill level 3 in Conjurations
  1336 | D:2      | Noticed Terence
  1378 | D:1      | Killed Terence
  1379 | D:1      | Reached skill level 5 in Air Magic
  1379 | D:1      | Reached XP level 4. HP: 22/24 MP: 0/8
  1742 | D:2      | Found a faded altar of an unknown god.
  1858 | D:2      | Noticed Jessica
  1865 | D:2      | Killed Jessica
  1866 | D:2      | Reached skill level 4 in Conjurations
  1866 | D:2      | Gained mutation: Your magical nature lets you fly swiftly
                  | and evasively. [Tengu growth]
  1866 | D:2      | Reached XP level 5. HP: 28/28 MP: 5/10
  1963 | D:2      | You are sucked into a shaft and drop 2 floors!
  2055 | D:3      | Found a glowing drain.
  2066 | Sewer    | Entered a sewer
  2228 | Sewer    | Noticed a kobold brigand
  2358 | Sewer    | Killed a kobold brigand
  2359 | Sewer    | Reached skill level 5 in Conjurations
  2359 | Sewer    | Reached XP level 6. HP: 32/32 MP: 3/11
  2501 | Sewer    | Found a white marble altar of Elyvilon.
  2678 | D:3      | Learned a level 4 spell: Airstrike
  3211 | D:3      | Found a glowing silver altar of Zin.
  3421 | D:3      | Found a shimmering blue altar of Sif Muna.
  3750 | D:4      | Reached XP level 7. HP: 36/36 MP: 6/13
  3821 | D:4      | Reached skill level 6 in Conjurations
  3955 | D:4      | Identified the +6 dagger of Anger {spect, Str+3}
  4223 | D:4      | Reached skill level 7 in Conjurations
  4473 | D:4      | Identified the +3 ring mail "Lockouw" {rElec rN+ Slay+3}
  4634 | D:5      | Entered Level 5 of the Dungeon
  4678 | D:5      | Reached XP level 8. HP: 41/41 MP: 4/15
  4831 | D:5      | Found a staircase to the Ecumenical Temple.
  4860 | D:5      | Noticed Menkaure
  4877 | D:5      | Killed Menkaure
  4880 | D:5      | Reached skill level 8 in Conjurations
  5020 | Temple   | Entered the Ecumenical Temple
  5121 | Temple   | Became a worshipper of Vehumet
  5319 | D:5      | Found Boloblaj's General Store.
  5320 | D:5      | Found Sucut's Specific Store.
  5472 | D:5      | Identified the +6 hammer of Day {freeze, rF+ Str+4 Int-2}
  5476 | D:5      | Found a runed translucent door.
  5477 | D:5      | Noticed Crazy Yiuf
  5497 | D:5      | Killed Crazy Yiuf
  5578 | D:5      | Reached skill level 1 in Armour
  6135 | D:6      | Reached skill level 9 in Conjurations
  6240 | D:6      | Reached XP level 9. HP: 45/45 MP: 12/17
  6350 | D:6      | Reached skill level 10 in Air Magic
  6482 | D:6      | Reached skill level 5 in Spellcasting
  6980 | D:7      | Reached * piety under Vehumet
  6980 | D:7      | Offered knowledge of Sandblast by Vehumet.
  7023 | D:7      | Noticed Duvessa
  7023 | D:7      | Noticed Dowan
  7061 | D:7      | Killed Duvessa
  7231 | D:7      | Found a flagged portal.
  7240 | Bailey   | Entered a bailey
  7453 | Bailey   | Noticed an orc knight
  7473 | Bailey   | Reached skill level 5 in Armour
  7688 | Bailey   | Offered knowledge of Foxfire by Vehumet.
  7844 | Bailey   | Found the +15 Maxwell's patent armour {-Cast -Tele rElec
                  | Will+ rCorr}
  7934 | Bailey   | Killed an orc knight
  7935 | Bailey   | Reached XP level 10. HP: 50/50 MP: 1/18
  8182 | D:7      | Reached ** piety under Vehumet
  8459 | D:7      | Killed Dowan
  8563 | D:7      | Identified a scroll of acquirement
  8563 | D:7      | Acquired the +0 pair of gloves of the Dungeon {Int+4}
  8830 | D:8      | Reached skill level 10 in Conjurations
  9539 | D:8      | Identified the +0 robe of the Blacksmith {Rampage Int+8}
  9635 | D:8      | Found a sparkling altar of Nemelex Xobeh.
  9662 | D:8      | Found a basalt altar of Yredelemnul.
  9831 | D:9      | Noticed a two-headed ogre
  9836 | D:9      | Offered knowledge of Scorch by Vehumet.
  9980 | D:9      | Killed a two-headed ogre
  9980 | D:9      | Reached *** piety under Vehumet
  9981 | D:9      | Reached skill level 11 in Conjurations
 10084 | D:9      | Learned a level 3 spell: Mephitic Cloud
 10086 | D:9      | Found a hide-covered altar of Uskayaw.
 10086 | D:9      | Noticed a +0 dagger
 10086 | D:9      | Noticed a +0 falchion
 10086 | D:9      | Noticed a +0 falchion
 10088 | D:9      | Noticed a +0 dagger
 10088 | D:9      | Noticed a +0 spear
 10088 | D:9      | Noticed a +0 short sword
 10089 | D:9      | Noticed a +0 short sword
 10090 | D:9      | Noticed a +0 spear
 10109 | D:9      | Found Petom's General Store.
 10210 | D:9      | Reached XP level 11. HP: 52/54 MP: 14/22
 10395 | D:9      | Offered knowledge of Iskenderun's Mystic Blast by Vehumet.
 10431 | D:9      | Found a staircase to the Orcish Mines.
 10484 | D:9      | Found a staircase to the Lair.
 10558 | D:10     | Entered Level 10 of the Dungeon
 10881 | D:10     | Reached skill level 15 in Air Magic
 11063 | D:10     | Reached skill level 12 in Conjurations
 11310 | D:10     | Found a white marble altar of Elyvilon.
 11335 | D:10     | Reached **** piety under Vehumet
 11892 | D:11     | Offered knowledge of Lee's Rapid Deconstruction by Vehumet.
 12148 | D:11     | Reached skill level 13 in Conjurations
 12229 | D:11     | Noticed a two-headed ogre
 12240 | D:11     | Killed a two-headed ogre
 12489 | D:11     | Reached skill level 1 in Shields
 12852 | Orc:1    | Entered Level 1 of the Orcish Mines
 12919 | D:9      | Reached XP level 12. HP: 19/59 MP: 25/25
 13090 | Lair:1   | Entered Level 1 of the Lair of Beasts
 13090 | Lair:1   | Noticed Sonja
 13091 | Lair:1   | Killed Sonja
 13171 | Lair:1   | Reached skill level 5 in Shields
 13319 | Lair:1   | Learned a level 3 spell: Hailstorm
 13344 | Lair:1   | You are sucked into a shaft and drop 1 floor!
 13352 | Lair:2   | Reached skill level 1 in Ice Magic
 13421 | Lair:2   | Found a staircase to the Snake Pit.
 13744 | Lair:1   | Noticed Gastronok
 13763 | Lair:1   | Killed Gastronok
 13764 | Lair:1   | Reached skill level 5 in Ice Magic
 14058 | Lair:2   | Reached ***** piety under Vehumet
 14080 | Lair:2   | Identified the +3 chain mail "Huysuux" {*Slow Int+7}
 14206 | Lair:2   | Offered knowledge of Starburst by Vehumet.
 14227 | Lair:2   | Learned a level 6 spell: Starburst
 14751 | Lair:3   | Reached XP level 13. HP: 36/64 MP: 23/26
 15166 | Lair:3   | Noticed Nergalle
 15177 | Lair:3   | Killed Nergalle
 15823 | Lair:3   | Identified the +5 ring mail of Donaops {rF+ rCorr Int-4
                  | Stlth+}
 15904 | Lair:3   | Found a staircase to the Swamp.
 16304 | Lair:4   | Reached skill level 10 in Ice Magic
 16304 | Lair:4   | Reached skill level 1 in Fighting
 16636 | Lair:4   | Reached skill level 5 in Fighting
 16897 | Lair:4   | Identified the +4 rapier of Departure {protect, Will++
                  | Int+2}
 17519 | Lair:5   | Entered Level 5 of the Lair of Beasts
 17773 | Lair:5   | Noticed Urug
 17787 | Lair:5   | Killed Urug
 17788 | Lair:5   | Reached XP level 14. HP: 81/84 MP: 14/27
 17854 | Lair:5   | Offered knowledge of Iskenderun's Battlesphere by Vehumet.
 17915 | Lair:4   | Learned a level 5 spell: Iskenderun's Battlesphere
 18033 | Lair:5   | Reached skill level 10 in Fighting
 18324 | Lair:5   | Found a runed translucent door.
 18325 | Lair:5   | Found a staircase to the Slime Pits.
 18663 | Lair:5   | Reached skill level 14 in Conjurations
 19294 | Lair:5   | Noticed a dire elephant
 19607 | Lair:4   | Killed a dire elephant
 19973 | Lair:5   | Found a burning altar of Makhleb.
 19979 | Lair:5   | Found a gateway to Hell.
 20284 | Orc:1    | Reached skill level 1 in Fire Magic
 20621 | Orc:2    | Entered Level 2 of the Orcish Mines
 20665 | Orc:2    | Offered knowledge of Iron Shot by Vehumet.
 20734 | Orc:2    | Found Myiv's Assorted Antiques.
 20781 | Orc:2    | Found a staircase to the Elven Halls.
 20991 | Orc:2    | Noticed an orc warlord
 21175 | Orc:1    | Killed an orc warlord
 21176 | Orc:1    | Reached skill level 5 in Fire Magic
 21409 | Orc:2    | Noticed an orc warlord
 21503 | Orc:2    | Killed an orc warlord
 21565 | Orc:2    | Reached XP level 15. HP: 75/92 MP: 23/29
 21602 | Orc:2    | Found Aciseeb's Antique Armour Emporium.
 21606 | Orc:2    | Found Zeathant's Antique Weapon Shoppe.
 21617 | Orc:2    | Bought an embroidered hat for 161 gold pieces
 21617 | Orc:2    | Bought a translucent ring mail for 207 gold pieces
 21617 | Orc:2    | Identified the +5 ring mail of the Miller {Harm rCorr} (You
                  | bought it in a shop on level 2 of the Orcish Mines)
 21645 | Orc:2    | Found Luf Xiwu's Jewellery Emporium.
 21661 | Orc:2    | Bought a ring of wizardry for 450 gold pieces
 21831 | Orc:2    | Offered knowledge of Conjure Ball Lightning by Vehumet.
 21842 | Orc:2    | Learned a level 6 spell: Conjure Ball Lightning
 21907 | Orc:2    | Found Said's Distillery.
 22179 | D:12     | Found Erchowk's Armour Boutique.
 22194 | D:12     | Bought the +2 cloak of Zokhliplo {rN+} for 334 gold pieces
 22592 | D:12     | Noticed Fannar
 22610 | D:12     | Killed Fannar
 23746 | D:13     | Reached skill level 10 in Fire Magic
 23923 | D:13     | Reached skill level 10 in Spellcasting
 23923 | D:13     | Reached skill level 15 in Conjurations
 23925 | D:13     | Offered knowledge of Arcjolt by Vehumet.
 24134 | D:13     | Found a gate to the Vaults.
 24210 | D:13     | Identified the +3 leather armour "Cemotol" {rElec rC+
                  | Slay-5 Stlth+}
 24229 | D:13     | Found a runed translucent door.
 24324 | D:13     | Got the Omnibus of the Nimbus and Bombardment
 24329 | D:13     | Identified the +4 halberd "Elorubijy" {pain, Will+ rCorr}
 25158 | D:14     | Reached skill level 16 in Conjurations
 25694 | D:14     | Found a broken altar of Ashenzari.
 26069 | D:14     | Reached XP level 16. HP: 94/97 MP: 29/32
 26194 | D:14     | Reached skill level 17 in Conjurations
 26224 | D:14     | Mangled by a +0 scimitar of distortion

Illustrated notes

Levels and vault maps discovered:
D:1:      spicycebolla_arrival_transporter_tutorial, layout_basic
D:2:      layout_loops_cross, basic_altar, hellmonk_ecumenical_altar_crossroads,
          nicolae_grassy_gnolls, uniq_terence, uniq_jessica
D:3:      layout_loops_ring, tgw_sif, zin_academy, portal_sewer_entry_a
D:4:      layout_basic, minmay_fractal_squares_gapless_5
D:5:      nicolae_cairo_tiling_very_big, layout_basic,
          minmay_temple_entry_statues, eino_small_chamber_without_monster,
          nicolae_specific_store, uniq_menkaure, uniq_crazy_yiuf_cottage
D:6:      layout_basic, minmay_diced_spiral
D:7:      layout_basic, enter_bailey_2, uniq_duvessa
D:8:      minmay_four_partial_circles, layout_cave_pools,
          mainiacjoe_overflow_two_lobes, serial_co_window_serial,
          co_window_paths_a, co_window_corner_a, co_window_paths_a,
          co_window_paths_a, co_window_paths_a, co_window_paths_a,
          co_window_paths_b, co_window_unsneaky_path_e,
          co_window_of_opportunity_b, co_window_paths_c, co_window_broadway_c,
          glass_columns_a, glass_columns_a
D:9:      layout_basic, nicolae_uskayaw_en_pointe, lair_entry_dummy,
          hiddenorc1_lemuel, serial_shops, nicolae_shop_stone
D:10:     layout_roguey, mainiacjoe_overflow_paths
D:11:     layout_roguey
D:12:     layout_basic, serial_shops, shop, minmay_joined_circles, uniq_fannar
D:13:     layout_loops_corners, ximxim_vaults_locker_room, minmay_st_funbox
D:14:     minmay_nested_s, layout_rooms, nicolae_ashenzari_panopticon,
          kb_rosetta
Temple:   nicolae_temple_superstar
Lair:1:   layout_cave_shapes, uniq_sonja, uniq_gastronok
Lair:2:   layout_misc_corridors, nicolae_snake_entry_warm_welcome, serial_bayou,
          serial_bayou_pond_c, serial_bayou_pond_e, serial_bayou_pond_d,
          serial_bayou_pond_e
Lair:3:   layout_hall_layers, nicolae_swamp_entry_spooky, uniq_nergalle
Lair:4:   layout_long_grid
Lair:5:   evil_forest, layout_cave_pods, slime_entry_2, serial_bayou_shore_a,
          grunt_megastairs_5, uniq_urug
Orc:1:    layout_caves
Orc:2:    grunt_orc_community_town_hall, layout_caves,
          grunt_orc_community_big_house_1, grunt_orc_community_big_house_1,
          grunt_orc_community_house_2, grunt_orc_community_house_3,
          grunt_orc_community_house_2, grunt_orc_community_house_2,
          serial_shops, shop, mines2_david

Skill      XL: |  1  2  3  4  5  6  7  8  9 10 11 12 13 14 15 16 |
---------------+-------------------------------------------------+-----
Conjurations   | 2 3 4 5 7 9 11 13 14 16 17 | 17.1
Air Magic      | 5 6 7 8 9 13 14 16 | 16.0
Spellcasting   | 3 4 5 6 8 9 11 | 11.7
Armour         | 2 5 |  5.0
Shields        | 2 6 |  6.2
Ice Magic      | 7 10 | 10.0
Fighting       | 8 10 | 10.0
Fire Magic     | 6 10 | 10.0
Dodging        | |  2.1
Stealth        | |  2.0

Action                     |  1- 3 |  4- 6 |  7- 9 | 10-12 | 13-15 | 16-18 || total
---------------------------+-------+-------+-------+-------+-------+-------++-------
  Melee: Unarmed           |     7 |       |       |       |       |       ||     7
         Kick              |     2 |     9 |    14 |    67 |   168 |       ||   260
         Peck              |     2 |     8 |    10 |    47 |   100 |       ||   167
         Spear             |       |    39 |   115 |   194 |   329 |       ||   677
         Punch             |       |       |     1 |     2 |       |       ||     3
         Rapier            |       |       |       |       |    14 |       ||    14
   Cast: Shock             |    69 |    98 |   108 |    86 |    98 |       ||   459
         Static Discharge  |     4 |    16 |    43 |    57 |   187 |       ||   307
         Airstrike         |       |       |    28 |   154 |   256 |     5 ||   443
         Swiftness         |       |       |     1 |     1 |     1 |       ||     3
         Mephitic Cloud    |       |       |       |    34 |   100 |     1 ||   135
         Hailstorm         |       |       |       |     3 |    28 |       ||    31
         Iskenderun's Batt |       |       |       |       |     2 |       ||     2
         Conjure Ball Ligh |       |       |       |       |    52 |    13 ||    65
         Starburst         |       |       |       |       |     1 |     2 ||     3
    Use: Scroll            |       |       |    12 |     7 |    10 |       ||    29
         Potion            |       |       |       |     1 |     4 |       ||     5
   Stab: Sleeping          |       |     5 |       |       |       |       ||     5
         Distracted        |       |       |     1 |       |     1 |       ||     2
         Confused          |       |       |       |    18 |    28 |       ||    46
 Armour: Robe              |     8 |     3 |     2 |       |       |       ||    13
         Ring mail         |       |       |    30 |    51 |   146 |     2 ||   229
  Dodge: Dodged            |    20 |    32 |    76 |   114 |   259 |     5 ||   506
  Block: Other             |       |     6 |    39 |     4 |       |       ||    49
         Reflection        |       |     2 |     1 |     1 |       |       ||     4
         Kite shield       |       |       |       |    46 |   228 |     3 ||   277

Table legend: (Time is in decaauts)
 A = Elapsed time spent in this place.
 B = Non-inter-level travel time spent in this place.
 C = Inter-level travel time spent in this place.
 D = Time resting spent in this place.
 E = Time spent auto-exploring this place.
 F = Levels seen in this place.
 G = Mean time per level.
                   A        B        C        D        E       F      G
               +--------+--------+--------+--------+--------+-----+--------+
         Total |  25107 |  24076 |   1031 |   6609 |  11091 |  24 | 1046.1 |
       Dungeon |  15114 |  14438 |    676 |   3651 |   7510 |  14 | 1079.6 |
        Temple |     99 |     92 |      7 |      0 |     65 |   1 |   99.0 |
          Lair |   6834 |   6551 |    283 |   1996 |   2741 |   5 | 1366.8 |
  Orcish Mines |   1751 |   1688 |     63 |    398 |    641 |   2 |  875.5 |
         Sewer |    514 |    514 |      0 |    275 |     87 |   1 |  514.0 |
        Bailey |    794 |    794 |      0 |    287 |     45 |   1 |  794.0 |
               +--------+--------+--------+--------+--------+-----+--------+

Top non-repeatable levels by time:
  Lair:5: 1841 daAuts
  Lair:3: 1730 daAuts
  Lair:4: 1657 daAuts
     D:1: 1433 daAuts
    D:13: 1365 daAuts
    D:12: 1288 daAuts
     D:5: 1288 daAuts
    D:10: 1224 daAuts
     D:3: 1221 daAuts
     D:9: 1182 daAuts
     D:8: 1113 daAuts
    D:14: 1093 daAuts
   Orc:2: 1067 daAuts
  Lair:2: 953 daAuts
    D:11: 899 daAuts
